AoeStats
← jay60809

African Clearing

503972503Analyzed
2v2 RM · 29d ago on Sep 3, 2026· 57m 19s· 4 players
Game mode
Random Map
Map size
Medium (4 player)
Population
200
Speed
Normal
Resources
Standard
Victory
Conquest
Starting age
Dark Age
Ending age
Imperial Age
RankedLock teamsTeams togetherTeam positionsShared explorationLock speedFull tech treeHidden civsTurbo modeCheats
Victory
Defeat
🇻🇳 Spanish · Vietnam
1028
+13
🇬🇧 Magyars · United Kingdom
919
+17
🇨🇳 Mongols · China
962
-15
🇹🇼 Huns · Taiwan
949
-44
810345338
5:27 Loom
14:36 Feudal Age
18:43 Castle Age
19:00 Double-Bit Axe
19:42 Gold Mining
22:28 Fletching
23:23 Bodkin Arrow
24:44 Padded Archer Armor
29:33 Bloodlines
30:49 Fishing Lines
32:12 Thumb Ring
32:27 Bow Saw
32:58 Wheelbarrow
33:37 Leather Archer Armor
34:05 Gold Shaft Mining
34:05 Herbal Medicine
36:53 Ballistics
40:37 Imperial Age
39:31 Husbandry
41:13 Hand Cart
42:41 Bracer
42:26 Elite Mangudai
44:27 Chemistry
49:35 Conscription
49:30 Scale Barding Armor
48:52 Light Cavalry
50:13 Siege Engineers
50:35 Chain Barding Armor
50:23 Hussar
52:03 Forging
57:26 Drill
jay60809
13:49 Feudal Age
14:42 Horse Collar
15:04 Double-Bit Axe
16:33 Loom
19:23 Loom
23:33 Castle Age
23:43 Wheelbarrow
23:24 Bloodlines
23:31 Scale Barding Armor
25:21 Forging
25:15 Husbandry
25:44 Bow Saw
25:31 Light Cavalry
26:35 Chain Barding Armor
26:42 Heavy Plow
29:15 Iron Casting
32:07 Hand Cart
41:24 Coinage
Donelson
10:04 Loom
13:04 Feudal Age
17:04 Scale Barding Armor
19:44 Bloodlines
23:22 Castle Age
22:13 Horse Collar
22:21 Double-Bit Axe
23:33 Town Watch
23:29 Light Cavalry
24:09 Husbandry
25:01 Chain Barding Armor
28:04 Elite Skirmisher
29:46 Padded Archer Armor
32:31 Fletching
36:46 Leather Archer Armor
37:28 Heavy Plow
40:54 Bodkin Arrow
43:42 Wheelbarrow
46:47 Ballistics
49:43 Imperial Age
47:14 Town Patrol
51:27 Chemistry
50:31 Hussar
51:53 Thumb Ring
52:16 Hand Cart
55:41 Plate Barding Armor
Daniel
15:28 Feudal Age
16:08 Loom
20:30 Castle Age
18:29 Stone Mining
22:18 Gold Mining
22:52 Horse Collar
23:00 Double-Bit Axe
30:22 Forging
30:20 Scale Barding Armor
35:42 Wheelbarrow
40:29 Imperial Age
42:15 Hand Cart
42:10 Bow Saw
42:38 Fletching
42:51 Padded Archer Armor
42:48 Elite Skirmisher
43:26 Bodkin Arrow
43:39 Heavy Plow
45:58 Bracer
47:00 Chemistry
47:20 Ballistics
49:11 Leather Archer Armor
50:22 Conscription
50:45 Ring Archer Armor
54:32 Forging
54:22 Scale Mail Armor
55:34 Two-Man Saw
55:13 Squires
54:59 Gambesons
54:59 Arson
54:35 Pikeman
55:52 Iron Casting
57:11 Chain Mail Armor
56:18 Halberdier
Connection lost

Rejoining the realm…

Still unreachable

The connection could not be restored.

Session expired

The server has moved on; the page needs a fresh start.